 Dungeon Crawl Stone Soup version 0.21.0 (webtiles) character file.

5043 Sprouick the Blocker (level 10, -10/91 HPs)
             Began as a Minotaur Fighter on Jan 6, 2018.
             Was a Follower of Trog.
             Mangled by a white ugly thing (30 damage)
             ... on level 9 of the Dungeon.
             The game lasted 01:45:06 (7138 turns).

Sprouick the Blocker (Minotaur Fighter)             Turns: 7138, Time: 01:45:12

Health: -10/91     AC: 13    Str: 24    XL:     10   Next: 30%
Magic:  9/9        EV:  9    Int:  5    God:    Trog [*.....]
Gold:   471        SH: 18    Dex: 10    Spells: 9/9 levels left

rFire    . . .     SeeInvis .   z - +3 trident
rCold    . . .     Gourm    .   c - +0 shield
rNeg     . . .     Faith    .   h - +0 chain mail
rPois    .         Spirit   .   (helmet restricted)
rElec    .         Reflect  +   l - +0 cloak
rCorr    .         Harm     .   (no gloves)
MR       .....                  (no boots)
Stlth    ..........             n - +5 amulet of reflection
HPRegen  0.25/turn              (no ring)
MPRegen  0.11/turn              (no ring)

@: no status effects
A: retaliatory headbutt, horns 2
a: Berserk, Burn Spellbooks, Renounce Religion


You were on level 9 of the Dungeon.
You worshipped Trog.
Trog was aware of your devotion.
You were very hungry.

You visited 2 branches of the dungeon, and saw 10 of its levels.

You collected 471 gold pieces.

Inventory:

Hand Weapons
 a - a +1 trident
 k - a +3 quarterstaff of chaos
 z - a +3 trident (weapon)
Armour
 c - a +0 shield (worn)
 h - a +0 chain mail (worn)
 l - a +0 cloak (worn)
Jewellery
 n - a +5 amulet of reflection (around neck)
 t - a cursed ring of teleportation {unknown}
 u - an uncursed ring of magical power
Wands
 j - a wand of polymorph (38)
 o - a wand of flame (19)
 p - a wand of paralysis (4)
 v - a wand of iceblast (17)
 y - a wand of random effects (14)
Scrolls
 b - a scroll of teleportation
 m - 4 scrolls of magic mapping {unknown}
 q - a scroll of identify
 r - 3 scrolls of remove curse {unknown}
 w - a scroll of noise {unknown}
 A - a scroll of enchant armour {unknown}
 B - a scroll of fog {unknown}
Potions
 d - a potion of haste
 e - 2 potions of curing
 g - 2 potions of mutation {unknown}
 i - a potion of ambrosia
 x - a potion of flight {unknown}
 C - a potion of lignification {unknown}
 D - a potion of resistance {unknown}
Comestibles
 f - 17 rations


   Skills:
 + Level 9.1 Fighting
 - Level 3.4 Polearms
 + Level 10.0 Armour
 + Level 4.1 Dodging
 + Level 12.4 Shields


You had 9 spell levels left.
You didn't know any spells.

Dungeon Overview and Level Annotations

Branches:
Dungeon (9/15)             Temple (1/1) D:7             Orc (0/2) D:9
   Lair: D:8-11

Altars:
Cheibriados
Dithmenos
Elyvilon
Fedhas
Gozag
Kikubaaqudgha
Makhleb
Nemelex Xobeh
Okawaru
Qazlal
Ru
Sif Muna
Trog
Uskayaw
Vehumet
Wu Jian
Xom
Yredelemnul
Zin
The Shining One


Innate Abilities, Weirdness & Mutations

You reflexively headbutt those who attack you in melee.
You have a pair of horns on your head.


Message History

Found a stone staircase leading up.
A white ugly thing comes into view.
The white ugly thing gurgles horribly!
You puncture the white ugly thing!
Your headbutt misses the white ugly thing.
The white ugly thing is lightly wounded.
The white ugly thing punches you! The white ugly thing freezes you!
You hit the white ugly thing. You headbutt the white ugly thing!
The white ugly thing is moderately wounded.
You block the white ugly thing's attack.
You hit the white ugly thing.
The white ugly thing is moderately wounded.
You block the white ugly thing's attack.
You hit the white ugly thing.
The white ugly thing is heavily wounded.
The white ugly thing punches you. The white ugly thing freezes you!!
The white ugly thing punches you!
* * * LOW HITPOINT WARNING * * *
The white ugly thing freezes you!!
You die...

#..........................
#..........................
#..........................
#...................#......
#..............(....#......
#...................#......
#................. #......
#................. #......
#.........@u...... #......
#...................#...†..
#...................#..)...
#.............<........)...
.........................
.........................
.........................
........................
..........


You could see a white ugly thing.

Vanquished Creatures
  Joseph (D:8)
  Psyche (D:8)
  Prince Ribbit (D:6)
  Sigmund (D:2)
  4 yaks (D:9)
  Eustachio (D:6)
  A human (D:8)
  A hungry ghost (D:9)
  Duvessa (D:6)
  2 orc warriors
  An ice beast (D:6)
  5 sky beasts
  A black bear (D:6)
  3 ogres
  A centaur (D:4)
  A bullfrog (D:6)
  A gnoll sergeant (D:9)
  Dowan (D:6)
  4 wights (D:6)
  A howler monkey (D:9)
  5 crimson imps
  2 bullfrog zombies
  A centaur zombie (D:9)
  4 hounds
  A jelly (D:5)
  4 orc priests
  Crazy Yiuf (D:2)
  A centaur skeleton (D:4)
  2 iguanas
  Terence (D:2)
  6 orc wizards
  6 worker ants
  2 hound zombies
  A hound skeleton (D:6)
  A worker ant zombie (D:6)
  12 gnolls
  5 adders
  3 shadow imps
  An ooze (D:1)
  An adder zombie (D:6)
  2 adder skeletons
  3 worms
  A dart slug (D:3)
  9 leopard geckos
  16 orcs
  7 bats
  7 giant cockroaches
  6 goblins
  10 hobgoblins
  17 jackals
  3 quokkas
  6 frilled lizards
  12 kobolds
  A leopard gecko skeleton (D:9)
  A quokka zombie (D:7)
  7 rats
201 creatures vanquished.

Vanquished Creatures (others)
  A centaur (D:8)
1 creature vanquished.

Grand Total: 202 creatures vanquished

Notes
Turn   | Place    | Note
-------+----------+-------------------------------------------
     0 | D:1      | Sprouick the Minotaur Fighter began the quest for the Orb.
     0 | D:1      | Reached XP level 1. HP: 19/19 MP: 0/0
   183 | D:1      | Reached XP level 2. HP: 23/27 MP: 1/1
   234 | D:1      | Reached skill level 4 in Shields
   680 | D:2      | Reached XP level 3. HP: 32/33 MP: 2/2
   770 | D:2      | Reached XP level 4. HP: 2/40 MP: 3/3
   920 | D:2      | Noticed Terence
  1205 | D:2      | Killed Terence
  1337 | D:2      | Noticed Sigmund
  1346 | D:2      | Killed Sigmund
  1346 | D:2      | Reached skill level 1 in Dodging
  1346 | D:2      | Reached skill level 5 in Shields
  1346 | D:2      | Reached XP level 5. HP: 28/47 MP: 4/4
  1356 | D:2      | Reached XP level 6. HP: 27/55 MP: 5/5
  1535 | D:2      | Found a runed door.
  1539 | D:2      | Noticed Crazy Yiuf
  1553 | D:2      | Killed Crazy Yiuf
  1553 | D:2      | Reached skill level 6 in Shields
  1680 | D:3      | Reached skill level 5 in Fighting
  1801 | D:3      | Reached skill level 5 in Armour
  2448 | D:4      | Reached XP level 7. HP: 61/61 MP: 6/6
  2478 | D:4      | Found a blossoming altar of Fedhas.
  2486 | D:4      | Reached skill level 7 in Shields
  2538 | D:5      | Entered Level 5 of the Dungeon
  2804 | D:5      | Found an ancient bone altar of Kikubaaqudgha.
  3039 | D:5      | Reached skill level 8 in Shields
  3473 | D:6      | Reached XP level 8. HP: 65/70 MP: 7/7
  3567 | D:6      | Noticed Eustachio
  3575 | D:6      | Killed Eustachio
  3575 | D:6      | Reached skill level 9 in Shields
  3637 | D:6      | Reached skill level 10 in Shields
  3704 | D:6      | Noticed Duvessa
  3715 | D:6      | Killed Duvessa
  3717 | D:6      | Noticed Dowan
  3734 | D:6      | Killed Dowan
  4182 | D:6      | Reached XP level 9. HP: 79/79 MP: 8/8
  4352 | D:6      | Noticed Prince Ribbit
  4501 | D:6      | Killed Prince Ribbit
  4718 | D:7      | Found a staircase to the Ecumenical Temple.
  4950 | D:7      | Reached skill level 11 in Shields
  5327 | D:7      | Found a bloodstained altar of Trog.
  5335 | D:7      | Became a worshipper of Trog the Wrathful
  5686 | Temple   | Entered the Ecumenical Temple
  6079 | D:8      | Noticed Psyche
  6101 | D:8      | Killed Psyche
  6151 | D:8      | Found a glowing silver altar of Zin.
  6152 | D:8      | Found an opulent altar of Gozag.
  6273 | D:8      | Noticed Joseph
  6296 | D:8      | Killed Joseph
  6420 | D:9      | Reached skill level 12 in Shields
  6420 | D:9      | Reached XP level 10. HP: 84/90 MP: 9/9
  6521 | D:9      | Reached * piety under Trog
  6729 | D:9      | Found a staircase to the Orcish Mines.
  6961 | D:9      | Noticed a brown ugly thing
  7057 | D:9      | Reached skill level 10 in Armour
  7131 | D:9      | Noticed a white ugly thing
  7138 | D:9      | Mangled by a white ugly thing

Skill      XL: |  1  2  3  4  5  6  7  8  9 10 |
---------------+-------------------------------+-----
Shields        | 4 5 6 8 10 12 | 12.4
Armour         | 4 5 6 7 9 10 | 10.0
Fighting       | 4 5 6 7 8 9 |  9.1
Polearms       | 3 |  3.4
Dodging        | 1 2 3 4 |  4.1

Action                   |  1- 3 |  4- 6 |  7- 9 | 10-12 || total
-------------------------+-------+-------+-------+-------++-------
Melee: Trident           |    86 |   158 |   431 |    97 ||   772
       Headbutt          |     5 |    20 |    70 |    21 ||   116
  Use: Scroll            |     4 |     4 |     3 |     1 ||    12
       Potion            |       |       |     9 |     4 ||    13
 Stab: Invisible         |       |       |     3 |       ||     3
  Eat: Ration            |       |     1 |     1 |       ||     2
       Chunk             |       |     2 |    10 |     2 ||    14
Armor: Scale mail        |    50 |     7 |       |       ||    57
       Chain mail        |       |    43 |   109 |    30 ||   182
Dodge: Dodged            |    20 |    31 |    72 |    10 ||   133
Block: Shield            |    39 |    82 |   284 |    87 ||   492
       Reflection        |       |       |     7 |     1 ||     8
